 Dungeon Crawl Stone Soup version 0.26-a0-1033-gd598b01645 (console) character file.

Game seed: 3076099266385910166

1021 om the Chopper (level 8, 0/69 HPs)
             Began as a Minotaur Berserker on Dec 10, 2020.
             Was a Priest of Trog.
             Slain by a sky beast (5 damage)
             ... on level 7 of the Dungeon.
             The game lasted 00:08:49 (4038 turns).

om the Chopper (Minotaur Berserker)                 Turns: 4038, Time: 00:08:50

Health: 0/69       AC: 11    Str: 28    XL:     8   Next: 2%
Magic:  7/7        EV:  8    Int:  4    God:    Trog [***...]
Gold:   436        SH: 15    Dex: 12    Spells: 7/7 levels left

rFire    . . .     SeeInvis .   m - +0 war axe
rCold    . . .     Faith    .   v - +0 tower shield "Fuilo" {Rampage *Corrode rN+} (curse)
rNeg     + . .     Spirit   .   e - +0 scale mail
rPois    .         Reflect  .   (helmet restricted)
rElec    .         Harm     .   (no cloak)
rCorr    .         Rampage  +   i - +0 pair of gloves
Will     .....                  s - +1 pair of boots
Stlth    ..........             (no amulet)
HPRegen  0.21/turn              d - +6 ring of strength
MPRegen  0.10/turn              b - ring of attention (curse)

@: berserk cooldown, slowed, very slow
A: retaliatory headbutt, horns 2
a: Berserk, Trog's Hand, Renounce Religion


You were on level 7 of the Dungeon.
You worshipped Trog.
Trog was most pleased with you.
You visited 1 branch of the dungeon, and saw 7 of its levels.

You collected 436 gold pieces.

Inventory:

Hand Weapons
 a - a +0 hand axe
 m - a +0 war axe (weapon)
 o - a +4 hand axe
Armour
 e - a +0 scale mail (worn)
 i - a +0 pair of gloves (worn)
 s - a +1 pair of boots (worn)
 v - the cursed +0 tower shield "Fuilo" (worn) {Rampage *Corrode rN+}
   (You found it on level 5 of the Dungeon)

   It protects you from negative energy.
   It may corrode you when you take damage.
   It bestows one free step when moving towards enemies.
   It has a curse placed upon it.
Jewellery
 b - a cursed ring of attention (right hand)
 d - a +6 ring of strength (left hand)
 f - an uncursed amulet of faith
 p - an uncursed ring of resist corrosion
 t - an uncursed ring of ice
 w - an uncursed ring of ice
Wands
 n - a wand of random effects (19)
 u - a wand of iceblast (8)
Scrolls
 j - 2 scrolls of teleportation
 k - a scroll of blinking
Potions
 c - 4 potions of curing
 g - 5 potions of flight
 h - a potion of cancellation {unknown}
 l - a potion of mutation {unknown}
 q - a potion of heal wounds {unknown}
 r - 2 potions of might {unknown}


   Skills:
 + Level 5.4 Fighting
 * Level 6.9 Axes
 - Level 6.0 Armour
 * Level 5.7 Dodging
 + Level 2.5 Shields


You had 7 spell levels left.
You didn't know any spells.
Your spell library was empty.

Dungeon Overview and Level Annotations

Branches:
Dungeon (7/15)             Temple (0/1) D:6

Altars:
Elyvilon
Uskayaw

Shops:
D:6 :

Portals:
Abyss: D:4

Annotations:
D:4 2 transporters, Foxy's ghost, amateur GnEn


Innate Abilities, Weirdness & Mutations

You reflexively headbutt those who attack you in melee.
You have a pair of horns on your head.


Message History

The orc wizard mumbles some strange words.
The orc wizard blinks!
The orc warrior hits you with a +0 flail.
Something hits you. Something shocks you. The orc wizard casts a spell at you.
The magic dart hits you but does no damage.
The orc warrior hits you with a +0 flail!
You barely miss something. You barely miss the orc warrior.
You hit the orc priest. Something hits you. Something shocks you.
* * * LOW HITPOINT WARNING * * *
The orc priest hits you but does no damage.
The orc wizard gestures at you while chanting.
The magic dart hits you.
* * * LOW HITPOINT WARNING * * *
The orc warrior hits you with a +0 flail!
* * * LOW HITPOINT WARNING * * *
Something hits you.
* * * LOW HITPOINT WARNING * * *
Something shocks you.
You die...

#.##+#.# #......#
#......####
#.........#
#....)###.#
#....)<.#.######
#.....)##......#
#........#####.###
#.....#### #.#.#
#...... ....##.#o###.#
######.#.......@.o...#
.###..##.o{...... .#
#. .....#...## #
#####.# ..# .# .+ .# #
.# ..


You could see an orc warrior, an orc priest and an orc wizard (fast).

Vanquished Creatures
  A phantom (D:6)
  3 bullfrogs (D:6)
  4 orc priests
  A bullfrog zombie (D:6)
  A hound (D:4)
  2 bullfrog skeletons (D:6)
  2 centaur skeletons (D:6)
  2 jellies (D:6)
  3 orc wizards
  2 iguanas (D:6)
  Terence (D:2)
  2 worker ants
  5 adders
  A shadow imp (D:6)
  A white imp (D:6)
  3 oozes
  A worm (D:2)
  2 dart slugs (D:1)
  A leopard gecko (D:3)
  18 orcs
  4 giant cockroaches
  6 goblins
  6 hobgoblins
  6 jackals (D:3)
  2 quokkas
  A ball python (D:3)
  10 bats
  A frilled lizard (D:3)
  A jackal skeleton (D:5)
  7 kobolds
  A leopard gecko zombie (D:6)
  5 rats
106 creatures vanquished.

Notes
Turn   | Place    | Note
-------+----------+-------------------------------------------
     0 | D:1      | om the Minotaur Berserker began the quest for the Orb.
     0 | D:1      | Reached XP level 1. HP: 19/19 MP: 0/0
   129 | D:1      | Reached XP level 2. HP: 27/27 MP: 1/1
   558 | D:2      | Reached XP level 3. HP: 24/33 MP: 2/2
   980 | D:2      | Noticed Terence
   988 | D:2      | Killed Terence
  1041 | D:2      | Reached XP level 4. HP: 39/40 MP: 3/3
  1205 | D:2      | Reached ** piety under Trog
  1571 | D:3      | Found a faded altar of an unknown god.
  1642 | D:3      | Reached XP level 5. HP: 46/46 MP: 4/4
  1653 | D:3      | Reached skill level 5 in Axes
  1761 | D:3      | Reached *** piety under Trog
  2107 | D:4      | Found a transporter.
  2113 | D:4      | Found a transporter.
  2167 | D:4      | Found a one-way gate to the infinite horrors of the Abyss.
  2167 | D:4      | Noticed Foxy's ghost (amateur GnEn)
  2172 | D:4      | Reached XP level 6. HP: 48/53 MP: 5/5
  2175 | D:4      | Identified the +5 spear "Aretray" {distort, *Contam rF+
                  | Int+2 Dex+7}
  2323 | D:4      | Found a white marble altar of Elyvilon.
  2607 | D:5      | Entered Level 5 of the Dungeon
  2704 | D:5      | Found a hide-covered altar of Uskayaw.
  2705 | D:5      | Noticed a +0 hand axe
  2705 | D:5      | Noticed a +0 dagger
  2950 | D:5      | Got a dazzling tower shield
  2956 | D:5      | Identified the cursed +0 tower shield "Fuilo" {Rampage
                  | *Corrode rN+} (You found it on level 5 of the Dungeon)
  3015 | D:6      | Reached skill level 5 in Armour
  3015 | D:6      | Reached skill level 1 in Shields
  3017 | D:6      | Reached XP level 7. HP: 9/60 MP: 6/6
  3289 | D:6      | Reached skill level 5 in Fighting
  3332 | D:6      | Reached skill level 5 in Dodging
  3610 | D:6      | Found a staircase to the Ecumenical Temple.
  3801 | D:6      | Found Qelaa's Book Boutique.
  4017 | D:7      | Reached XP level 8. HP: 69/69 MP: 7/7
  4038 | D:7      | Slain by a sky beast

Illustrated notes

Levels and vault maps discovered:
D:1:      elethiomel_arrival_quiet, layout_rooms
D:2:      layout_loops_ring, guppyfry_early_orc_mine, uniq_terence
D:3:      layout_basic, chequers_ecumenical_altar_lobes
D:4:      layout_cave_pools, gammafunk_ghost_abyssal_escape, elyvilon_altar_3
D:5:      layout_basic, dancing_weapons_uskayaw
D:6:      layout_cave_pools, minmay_temple_entry_hall, serial_shops,
          nicolae_shop_waterfront
D:7:      layout_basic, enter_bailey_3, uniq_pikel, uniq_crazy_yiuf_cottage

Skill      XL: |  1  2  3  4  5  6  7 |
---------------+----------------------+-----
Axes           | 4 5 6 |  6.9
Armour         | 3 4 5 6 |  6.0
Fighting       | 4 5 |  5.4
Dodging        | 3 4 5 |  5.7
Shields        | 1 2 |  2.5

Action                   |  1- 3 |  4- 6 |  7- 9 || total
-------------------------+-------+-------+-------++-------
Melee: Hand axe          |    49 |    83 |       ||   132
       Headbutt          |     9 |    14 |    14 ||    37
       War axe           |       |    21 |    66 ||    87
Invok: Berserk           |     1 |     3 |     1 ||     5
  Use: Scroll            |     5 |     4 |       ||     9
Armor: Animal skin       |     6 |       |       ||     6
       Ring mail         |    13 |       |       ||    13
       Scale mail        |    10 |    55 |    35 ||   100
Dodge: Dodged            |    32 |    54 |    16 ||   102
Block: Tower shield      |       |    12 |    42 ||    54

Table legend: (Time is in decaauts)
 A = Elapsed time spent in this place.
 B = Non-inter-level travel time spent in this place.
 C = Inter-level travel time spent in this place.
 D = Time resting spent in this place.
 E = Time spent auto-exploring this place.
 F = Levels seen in this place.
 G = Mean time per level.
                   A        B        C        D        E       F      G
               +--------+--------+--------+--------+--------+-----+--------+
         Total |   4116 |   3973 |    143 |    393 |   2808 |   7 |  588.0 |
       Dungeon |   4116 |   3973 |    143 |    393 |   2808 |   7 |  588.0 |
               +--------+--------+--------+--------+--------+-----+--------+

Top non-repeatable levels by time:
     D:6: 1012 daAuts
     D:2: 825 daAuts
     D:3: 813 daAuts
     D:4: 518 daAuts
     D:1: 486 daAuts
     D:5: 419 daAuts
     D:7: 39 daAuts
